[Event "Romanian Superliga Women 2024"]
[Site "Mamaia"]
[Date "2024.09.30"]
[Round "1.1"]
[White "Sandu, Mihaela"]
[Black "Tarleva, Diana"]
[Result "1/2-1/2"]
[Annotator "RC"]
[ECO "C42"]
[WhiteElo "2248"]
[BlackElo "2135"]
[PlyCount "49"]
[EventDate "2024.09.26"]
[EventType "team-tourn"]
[EventCountry "ROU"]
[SourceTitle "playchess.com"]
[Source "ChessBase"]
[SourceQuality "1"]
[TimeControl "40/5400+30:1800+30"]

1. e4 e5 2. Nf3 Nf6 3. Nxe5 d6 4. Nf3 Nxe4 5. d4 d5 6. Bd3 Be7 7. O-O Nc6 8. Re1 O-O 9. c4 Nb4 10. Bf1 Bg4 11. Na3 a5 12. h3 Bh5 13. Qb3 a4 14. Qe3 f5 15. cxd5 Nxd5 16. Qd3 Bb4 17. Rd1 Kh8 18. Nc4 c6 19. Nce5 Bd6 20. a3 Bxe5 21. dxe5 Nc5 22. Qe2 Qe7 23. Re1 Nb3 24. Rb1 Nd4 25. Qd1 1/2-1/2

[Event "Romanian Superliga Women 2024"]
[Site "Mamaia"]
[Date "2024.09.30"]
[Round "1.2"]
[White "Stanciu, Andreea-Briana"]
[Black "Radeva, Viktoria"]
[Result "0-1"]
[Annotator "RC"]
[ECO "A47"]
[WhiteElo "1957"]
[BlackElo "2297"]
[PlyCount "92"]
[EventDate "2024.09.26"]
[EventType "team-tourn"]
[EventCountry "ROU"]
[SourceTitle "playchess.com"]
[Source "ChessBase"]
[SourceQuality "1"]
[TimeControl "40/5400+30:1800+30"]

1. d4 Nf6 2. Bf4 e6 3. Nf3 c5 4. e3 cxd4 5. exd4 b6 6. Nbd2 Be7 7. c3 Bb7 8. Bd3 O-O 9. h3 d6 10. O-O Nbd7 11. Re1 h6 12. a4 a6 13. Qe2 Re8 14. Ne4 Nxe4 15. Bxe4 Bxe4 16. Qxe4 d5 17. Qd3 Bf8 18. Re3 Qc8 19. Rae1 Qc6 20. b3 b5 21. a5 b4 22. c4 dxc4 23. Qxc4 Rec8 24. Qxc6 Rxc6 25. Nd2 Nf6 26. Be5 Nd5 27. Rf3 Rd8 28. Nc4 Nc3 29. Bg3 f6 30. Rfe3 Kf7 31. Rf3 Ke7 32. Ne3 h5 33. h4 g6 34. Nc4 Rxd4 35. Rxf6 Rdxc4 36. Rxf8 Kxf8 37. bxc4 b3 38. Be5 Rxc4 39. Bxc3 Rxc3 40. Kh2 Ke7 41. Re4 Kd6 42. Rb4 Kc5 43. Rb6 Kc4 44. Rxa6 b2 45. Rc6+ Kd3 46. Rb6 Kc2 0-1

[Event "Romanian Superliga Women 2024"]
[Site "Mamaia"]
[Date "2024.09.30"]
[Round "1.3"]
[White "Dragomirescu, Angela"]
[Black "Trifoi, Mihaela-Ioana"]
[Result "1-0"]
[Annotator "RC"]
[ECO "A13"]
[WhiteElo "2100"]
[BlackElo "2016"]
[PlyCount "91"]
[EventDate "2024.09.26"]
[EventType "team-tourn"]
[EventCountry "ROU"]
[SourceTitle "playchess.com"]
[Source "ChessBase"]
[SourceQuality "1"]
[TimeControl "40/5400+30:1800+30"]

1. c4 e6 2. Nf3 d5 3. e3 Nf6 4. b3 c5 5. Bb2 dxc4 6. bxc4 Nc6 7. Be2 Be7 8. O-O O-O 9. Na3 Nd7 10. Nc2 Nb6 11. Rb1 Bd7 12. e4 Na5 13. Ne3 Bc6 14. Qc2 f6 15. d4 cxd4 16. Nxd4 Bd7 17. Bg4 Qc8 18. Rfc1 Nc6 19. c5 Nxd4 20. Bxd4 Na4 21. c6 Bxc6 22. Qb3 Kh8 23. Bxe6 Qd8 24. Bd5 Nb6 25. Bxb6 Qxb6 26. Qxb6 axb6 27. Rxb6 Ba3 28. Rc3 f5 29. Bxc6 bxc6 30. exf5 c5 31. g3 h6 32. Kg2 Ra7 33. Rc2 Kg8 34. Nc4 Rxf5 35. Rb3 Bb4 36. a3 Ba5 37. Ne3 Rf6 38. Rxc5 Bb6 39. Rc8+ Kh7 40. Rc2 Bd4 41. Rc4 Bb6 42. Rc2 Bd4 43. Rd3 Ra4 44. Nd5 Rf7 45. h4 Rfa7 46. Nc3 1-0

[Event "Romanian Superliga Women 2024"]
[Site "Mamaia"]
[Date "2024.09.30"]
[Round "1.4"]
[White "Patru, Alexandra-Ioana"]
[Black "Maria, Lia-Alexandra"]
[Result "0-1"]
[Annotator "RC"]
[ECO "D05"]
[WhiteElo "1832"]
[BlackElo "2001"]
[PlyCount "76"]
[EventDate "2024.09.26"]
[EventType "team-tourn"]
[EventCountry "ROU"]
[SourceTitle "playchess.com"]
[Source "ChessBase"]
[SourceQuality "1"]
[TimeControl "40/5400+30:1800+30"]

1. d4 Nf6 2. Nf3 c5 3. e3 d5 4. Bd3 Nc6 5. c3 Bg4 6. h3 Bh5 7. O-O e6 8. Nbd2 Bd6 9. dxc5 Bxc5 10. Qc2 O-O 11. e4 dxe4 12. Nxe4 Bxf3 13. Nxc5 Qd5 14. gxf3 Qxc5 15. Be4 Qh5 16. Kg2 Nxe4 17. Qxe4 f5 18. Qxe6+ Kh8 19. Bf4 Rf6 20. Qd7 Rg6+ 21. Bg3 f4 22. Rae1 h6 23. Re8+ Rxe8 24. Qxe8+ Kh7 25. Re1 fxg3 26. fxg3 Qd5 27. a3 Na5 28. Re2 Nc4 29. Qe7 Rf6 30. Rf2 Ne5 31. c4 Nxc4 32. Qe2 Qd4 33. Qc2+ Rg6 34. Qe2 Qf4 35. g4 Ne3+ 36. Kh1 Rd6 37. Rf1 Nxf1 38. Qxf1 Rd2 0-1

[Event "Romanian Superliga Women 2024"]
[Site "Mamaia"]
[Date "2024.09.30"]
[Round "1.5"]
[White "Raeva, Elitsa"]
[Black "Atalik, Ekaterina"]
[Result "0-1"]
[Annotator "RC"]
[ECO "A22"]
[WhiteElo "2185"]
[BlackElo "2381"]
[PlyCount "98"]
[EventDate "2024.09.26"]
[EventType "team-tourn"]
[EventCountry "ROU"]
[SourceTitle "playchess.com"]
[Source "ChessBase"]
[SourceQuality "1"]
[TimeControl "40/5400+30:1800+30"]

1. c4 Nf6 2. Nc3 e5 3. g3 Bb4 4. Bg2 O-O 5. e4 Bxc3 6. dxc3 d6 7. Qe2 a5 8. Nf3 Na6 9. O-O Nc5 10. Ne1 Be6 11. Nc2 Re8 12. Rd1 Qb8 13. Bg5 Nfd7 14. b3 f6 15. Bd2 c6 16. Ne3 Qc7 17. Be1 Red8 18. f4 Rab8 19. f5 Bf7 20. g4 b5 21. cxb5 Rxb5 22. Qd2 Nb7 23. Bf1 Rb6 24. Nc4 Bxc4 25. Bxc4+ Kh8 26. b4 d5 27. exd5 c5 28. bxa5 Rd6 29. Bb5 c4 30. Bf2 Nxa5 31. Qe3 Nb6 32. Qc5 Qxc5 33. Bxc5 Rxd5 34. Rxd5 Rxd5 35. Bxb6 Rxb5 36. Bxa5 Rxa5 37. Rb1 h5 38. Rb4 Rxa2 39. Rxc4 h4 40. h3 Kh7 41. g5 fxg5 42. Rc6 Rc2 43. Rc7 Kg8 44. c4 e4 45. c5 e3 46. Kf1 g4 47. Re7 gxh3 48. Rxe3 Rc1+ 49. Ke2 h2 0-1

[Event "Romanian Superliga Women 2024"]
[Site "Mamaia"]
[Date "2024.09.30"]
[Round "1.6"]
[White "Cosman, Andreea-Marioara"]
[Black "Pirvulescu, Ekaterina"]
[Result "1-0"]
[Annotator "RC"]
[ECO "D28"]
[WhiteElo "2195"]
[BlackElo "2083"]
[PlyCount "65"]
[EventDate "2024.09.26"]
[EventType "team-tourn"]
[EventCountry "ROU"]
[SourceTitle "playchess.com"]
[Source "ChessBase"]
[SourceQuality "1"]
[TimeControl "40/5400+30:1800+30"]

1. d4 d5 2. c4 dxc4 3. Nf3 Nf6 4. e3 e6 5. Bxc4 a6 6. O-O c5 7. Qe2 b5 8. Bd3 Nbd7 9. Rd1 Bb7 10. a4 b4 11. Nbd2 cxd4 12. exd4 Be7 13. a5 O-O 14. Nc4 Qc7 15. Bg5 Rfe8 16. Rac1 Qd8 17. Nfe5 Nf8 18. Nb6 Ra7 19. Nc6 Bxc6 20. Rxc6 Rc7 21. Rxc7 Qxc7 22. Bxa6 Ng6 23. g3 Nd5 24. Nxd5 exd5 25. Rc1 Qb8 26. Bb5 Bxg5 27. Qxe8+ Qxe8 28. Bxe8 Bxc1 29. a6 Bxb2 30. a7 Bxd4 31. a8=Q Nf8 32. Qxd5 Ne6 33. Qd7 1-0

[Event "Romanian Superliga Women 2024"]
[Site "Mamaia"]
[Date "2024.09.30"]
[Round "1.7"]
[White "Iordache, Alexia-Andreea"]
[Black "Ciolacu, Alessia-Mihaela"]
[Result "1/2-1/2"]
[Annotator "RC"]
[ECO "C00"]
[WhiteElo "2014"]
[BlackElo "2160"]
[PlyCount "52"]
[EventDate "2024.09.26"]
[EventType "team-tourn"]
[EventCountry "ROU"]
[SourceTitle "playchess.com"]
[Source "ChessBase"]
[SourceQuality "1"]
[TimeControl "40/5400+30:1800+30"]

1. Nf3 d5 2. g3 Nf6 3. Bg2 e6 4. O-O Be7 5. d3 O-O 6. Nbd2 c5 7. e4 Nc6 8. Re1 Qc7 9. e5 Nd7 10. Qe2 Rb8 11. Nf1 Re8 12. Bf4 h6 13. h4 b5 14. Ne3 Bb7 15. Ng4 d4 16. Nd2 Nb4 17. Ne4 Nd5 18. Bxh6 gxh6 19. Nxh6+ Kg7 20. Nxf7 Kxf7 21. Qh5+ Kg7 22. Ng5 Bxg5 23. Qxg5+ Kf7 24. Qh5+ Ke7 25. Qg5+ Kf7 26. Qh5+ Ke7 1/2-1/2

[Event "Romanian Superliga Women 2024"]
[Site "Mamaia"]
[Date "2024.09.30"]
[Round "1.8"]
[White "Foisor, Sabina-Francesca"]
[Black "Dobre, Ana-Margareta-Alexan"]
[Result "1-0"]
[Annotator "RC"]
[ECO "D38"]
[WhiteElo "2199"]
[BlackElo "1914"]
[PlyCount "79"]
[EventDate "2024.09.26"]
[EventType "team-tourn"]
[EventCountry "ROU"]
[SourceTitle "playchess.com"]
[Source "ChessBase"]
[SourceQuality "1"]
[TimeControl "40/5400+30:1800+30"]

1. d4 Nf6 2. c4 e6 3. Nf3 d5 4. Nc3 Bb4 5. Qa4+ Nc6 6. Bd2 O-O 7. e3 a5 8. Qc2 Bxc3 9. bxc3 Ne4 10. Bc1 f5 11. Be2 Kh8 12. a4 b6 13. Ba3 Rf6 14. g3 Bb7 15. cxd5 Qxd5 16. c4 Qd8 17. O-O Rh6 18. Rfd1 Qe8 19. d5 Ne7 20. d6 cxd6 21. Bxd6 Ng8 22. Bf4 Rh3 23. Bf1 Qh5 24. Bxh3 Qxh3 25. Ne1 Ngf6 26. f3 Nc5 27. Rd6 Re8 28. Be5 Ncd7 29. Bxf6 Nxf6 30. Rxb6 Ba8 31. Rab1 e5 32. Rb8 f4 33. exf4 exf4 34. Rxe8+ Nxe8 35. Rb8 Bc6 36. g4 Qh4 37. Qe2 h5 38. Rxe8+ Kh7 39. Qd3+ g6 40. Re6 1-0

[Event "Romanian Superliga Women 2024"]
[Site "Mamaia"]
[Date "2024.09.30"]
[Round "1.9"]
[White "Semenova, Vasylyna"]
[Black "Bulmaga, Irina"]
[Result "0-1"]
[Annotator "RC"]
[ECO "E13"]
[WhiteElo "1887"]
[BlackElo "2406"]
[PlyCount "96"]
[EventDate "2024.09.26"]
[EventType "team-tourn"]
[EventCountry "ROU"]
[SourceTitle "playchess.com"]
[Source "ChessBase"]
[SourceQuality "1"]
[TimeControl "40/5400+30:1800+30"]

1. d4 Nf6 2. c4 e6 3. Nc3 Bb4 4. Qc2 b6 5. Bg5 h6 6. Bh4 Bb7 7. e3 g5 8. Bg3 Ne4 9. Nf3 Bxc3+ 10. bxc3 d6 11. Nd2 Nxg3 12. hxg3 Nd7 13. e4 Qe7 14. Bd3 h5 15. O-O-O O-O-O 16. Nb3 g4 17. Kb2 c5 18. Rh4 Kb8 19. Rdh1 Rc8 20. Rxh5 Rxh5 21. Rxh5 cxd4 22. cxd4 d5 23. exd5 exd5 24. Qe2 Qxe2+ 25. Bxe2 dxc4 26. Bxg4 cxb3 27. Bxd7 Rd8 28. Bh3 bxa2 29. Kxa2 Rxd4 30. Kb3 Rd3+ 31. Kc2 Rd6 32. Rh8+ Kc7 33. Rf8 Bd5 34. Bg4 b5 35. Bf3 Bc4 36. Ra8 Kb6 37. Rb8+ Ka5 38. Ra8 a6 39. Bb7 b4 40. Rc8 Bb5 41. Rc7 Ba4+ 42. Kb2 Rd2+ 43. Kb1 Rxf2 44. Bf3 Bb5 45. Rxf7 b3 46. Rf5 Kb4 47. Rf4+ Ka3 48. Be4 Re2 0-1

[Event "Romanian Superliga Women 2024"]
[Site "Mamaia"]
[Date "2024.09.30"]
[Round "1.10"]
[White "Fataliyeva, Ulviyya"]
[Black "Sunea, Sara Maria"]
[Result "1-0"]
[Annotator "RC"]
[ECO "B29"]
[WhiteElo "2378"]
[BlackElo "1871"]
[PlyCount "53"]
[EventDate "2024.09.26"]
[EventType "team-tourn"]
[EventCountry "ROU"]
[SourceTitle "playchess.com"]
[Source "ChessBase"]
[SourceQuality "1"]
[TimeControl "40/5400+30:1800+30"]

1. e4 c5 2. Nf3 Nf6 3. e5 Nd5 4. d4 cxd4 5. Qxd4 e6 6. a3 Nc6 7. Qe4 f5 8. Qe2 Be7 9. c4 Nc7 10. Nc3 d5 11. exd6 Qxd6 12. Be3 Bf6 13. Qc2 e5 14. Rd1 Qe7 15. Nd5 Qf7 16. Nxf6+ Qxf6 17. Bg5 Qe6 18. c5 Nd4 19. Nxd4 exd4+ 20. Kd2 Qg6 21. Bf4 Ne6 22. Qa4+ Bd7 23. Bb5 Rd8 24. Bxd7+ Rxd7 25. Rhe1 Qf7 26. c6 bxc6 27. Qxc6 1-0

[Event "Romanian Superliga Women 2024"]
[Site "Mamaia"]
[Date "2024.09.30"]
[Round "1.11"]
[White "Bitca, Emilia"]
[Black "Lehaci, Miruna-Daria"]
[Result "0-1"]
[Annotator "RC"]
[ECO "B51"]
[WhiteElo "1865"]
[BlackElo "2180"]
[PlyCount "56"]
[EventDate "2024.09.26"]
[EventType "team-tourn"]
[EventCountry "ROU"]
[SourceTitle "playchess.com"]
[Source "ChessBase"]
[SourceQuality "1"]
[TimeControl "40/5400+30:1800+30"]

1. e4 c5 2. Nf3 d6 3. Bb5+ Nd7 4. c3 Ngf6 5. Qe2 a6 6. Ba4 g6 7. O-O Bg7 8. d4 b5 9. Bc2 Bb7 10. Rd1 O-O 11. a4 cxd4 12. cxd4 Nb6 13. axb5 axb5 14. Rxa8 Qxa8 15. d5 Rc8 16. Bd3 b4 17. Bd2 Qa4 18. Nd4 Nfxd5 19. b3 Qa5 20. Nb5 Nc3 21. N1xc3 bxc3 22. Be3 Nd7 23. Bg5 Ba6 24. Bxe7 c2 25. Rc1 Bb2 26. Nxd6 Bxc1 27. b4 Qa1 28. Nxc8 Bf4+ 0-1

[Event "Romanian Superliga Women 2024"]
[Site "Mamaia"]
[Date "2024.09.30"]
[Round "1.12"]
[White "Obada, Ema"]
[Black "Moldovan, Maia-Rut"]
[Result "1-0"]
[Annotator "RC"]
[ECO "B29"]
[WhiteElo "2053"]
[BlackElo "1778"]
[PlyCount "67"]
[EventDate "2024.09.26"]
[EventType "team-tourn"]
[EventCountry "ROU"]
[SourceTitle "playchess.com"]
[Source "ChessBase"]
[SourceQuality "1"]
[TimeControl "40/5400+30:1800+30"]

1. e4 c5 2. Nf3 Nf6 3. e5 Nd5 4. Nc3 e6 5. Nxd5 exd5 6. d4 Nc6 7. dxc5 Bxc5 8. Qxd5 Qb6 9. Bc4 Bxf2+ 10. Ke2 O-O 11. Rf1 Bc5 12. c3 Ne7 13. Qd1 d5 14. Bd3 a5 15. Qb3 Qc7 16. Bf4 Ng6 17. Bg3 Be6 18. Qc2 Rac8 19. Rae1 Qc6 20. h3 b5 21. a3 Qb6 22. Qd2 b4 23. cxb4 axb4 24. a4 b3 25. Rc1 Bb4 26. Qe3 Qxe3+ 27. Kxe3 Bd7 28. Bb5 Bxb5 29. axb5 Rb8 30. Nd4 Rb6 31. Rc7 h5 32. Kd3 Ba5 33. Rd7 h4 34. Bh2 1-0